[Event "Titled Tuesday Blitz November 08 Late 2022"]
[White "Vlassov, Nikolai"]
[Black "Wartiovaara, Oliver"]
[WhiteFideId "4103360"]
[BlackFideId "513024"]
[WhiteElo "2324"]
[BlackElo "2213"]
[Result "1-0"]
[Round "09"]
[TimeControl "180+1"]
[Date "2022.11.09"]
[WhiteClock "0:00:10"]
[BlackClock "0:00:04"]

1. g4 d5 2. Bg2 Nc6 3. c4 dxc4 4. Bxc6+ bxc6 5. h3 h5 6. g5 g6 7. Nf3 Bg7 8. Qa4 Qd5 9. Nc3 Qc5 10. b3 cxb3 11. Ba3 b2 12. Rb1 Qb6 13. Rxb2 Qa6 14. Qb4 Be6 15. Nd4 Bd7 16. Nb3 c5 17. Nxc5 Qc6 18. f3 Bc8 19. O-O Bxh3 20. Rfb1 e5 21. e4 Ne7 22. Na6 Qd7 23. Nb5 Rc8 24. Nxa7 Ra8 25. Nb8 Qd4+ 26. Qxd4 O-O 27. Qc5 1-0


[Site "https://www.chess.com"]

[Event "Titled Tuesday Blitz November 08 Late 2022"]
[White "Wieczorek, Oskar"]
[Black "Kleiman, Jake"]
[WhiteFideId "1133950"]
[BlackFideId "2020041"]
[WhiteElo "2404"]
[BlackElo "2518"]
[Result "0-1"]
[Round "09"]
[TimeControl "180+1"]
[Date "2022.11.08"]
[WhiteClock "0:00:01"]
[BlackClock "0:00:14"]

1. e4 e5 2. Nf3 Nc6 3. Nc3 Nf6 4. h3 h6 5. d4 exd4 6. Nxd4 Bb4 7. Nxc6 bxc6 8. Bd3 O-O 9. O-O d5 10. e5 Nd7 11. f4 Nc5 12. f5 Re8 13. e6 Qf6 14. Be3 Nxd3 15. Qxd3 fxe6 16. fxe6 Qxe6 17. Rae1 Bd7 18. a3 Bd6 19. Na4 Qe5 20. Bf4 Qxe1 21. Rxe1 Rxe1+ 22. Kf2 Rae8 23. Bxd6 cxd6 24. Nc3 a5 25. a4 Kh8 26. h4 R1e5 27. Nd1 Rf8+ 28. Kg3 Bf5 29. Qd2 Be4 30. Ne3 Rf6 31. c4 Rg6+ 32. Kh2 dxc4 33. g3 Rf6 34. Ng4 Rf1 35. Nf2 Bd5 36. g4 Ree1 37. Kg3 Rg1+ 38. Kf4 Ref1 39. Ke3 Rg2 40. Qd4 Rfxf2 41. Qa7 Rf3+ 42. Kd4 Rd2# 0-1


[Site "https://www.chess.com"]

[Event "Titled Tuesday Blitz November 08 Late 2022"]
[White "Winterberg, Lukas"]
[Black "Makridis, Dimitrios"]
[WhiteFideId "24622702"]
[BlackFideId "25864475"]
[WhiteElo "2349"]
[BlackElo "2272"]
[Result "0-1"]
[Round "09"]
[TimeControl "180+1"]
[Date "2022.11.08"]
[WhiteClock "0:00:05"]
[BlackClock "0:00:42"]

1. d4 Nf6 2. Nf3 d5 3. c4 e6 4. Nc3 h6 5. g3 Bd6 6. a3 O-O 7. g4 c5 8. g5 hxg5 9. Bxg5 Nc6 10. cxd5 exd5 11. Nxd5 Be7 12. Nxe7+ Qxe7 13. e3 cxd4 14. Nxd4 Rd8 15. Qe2 Nxd4 16. exd4 Qd6 17. Be3 Bg4 18. Qd3 Re8 19. Be2 Bxe2 20. Qxe2 Rac8 21. O-O Re4 22. Qf3 Rh4 23. h3 Nd5 24. Rfe1 Nxe3 25. Rxe3 Rxd4 26. Rae1 Qg6+ 27. Kh2 Rc2 28. R1e2 Rdd2 29. Re8+ Kh7 30. Rxd2 Rxd2 31. Re2 Rd3 32. Re3 Rd4 33. Re7 Qd6+ 34. Kg2 Qxe7 35. Qf5+ Kg8 36. Qc8+ Rd8 37. Qxb7 Qxb7+ 0-1


[Site "https://www.chess.com"]

[Event "Titled Tuesday Blitz November 08 Late 2022"]
[White "Wirig, Anthony"]
[Black "Chigaev, Maksim"]
[WhiteFideId "615013"]
[BlackFideId "4108116"]
[WhiteElo "2487"]
[BlackElo "2541"]
[Result "0-1"]
[Round "09"]
[TimeControl "180+1"]
[Date "2022.11.08"]
[WhiteClock "0:00:07"]
[BlackClock "0:00:09"]

1. e4 c5 2. Nf3 e6 3. g3 Nc6 4. Bg2 Nf6 5. Qe2 e5 6. Nc3 Be7 7. Nd5 d6 8. Nxe7 Qxe7 9. h3 O-O 10. c3 a5 11. O-O a4 12. Rd1 b6 13. d3 h6 14. Nd2 b5 15. a3 Na5 16. Nf1 c4 17. d4 Nb3 18. Rb1 exd4 19. cxd4 Re8 20. e5 Bf5 21. Bxa8 Bxb1 22. Bc6 Bd3 23. Qe3 dxe5 24. dxe5 Rc8 25. Bxb5 Nd5 26. Qe1 Nd4 27. Qa5 Qc5 28. Ne3 Nxe3 29. Bxe3 Qxb5 30. Qa7 Ne6 31. f4 Qxb2 32. Qa6 Rd8 33. Qa5 Qe2 34. Qd2 Qf3 35. Bf2 Be4 36. Qxd8+ Nxd8 37. Rxd8+ Kh7 38. Kf1 c3 0-1


[Site "https://www.chess.com"]

[Event "Titled Tuesday Blitz November 08 Late 2022"]
[White "Yano, William Jorge Froes"]
[Black "Curtis, John"]
[WhiteFideId "2112949"]
[BlackFideId "3200256"]
[WhiteElo "2122"]
[BlackElo "2203"]
[Result "1/2-1/2"]
[Round "09"]
[TimeControl "180+1"]
[Date "2022.11.09"]
[WhiteClock "0:00:08"]
[BlackClock "0:01:15"]

1. e4 c5 2. Nf3 d6 3. Bb5+ Nd7 4. Ba4 Nf6 5. e5 dxe5 6. Nxe5 a6 7. Nxd7 Bxd7 8. Bxd7+ Qxd7 9. O-O e6 10. Nc3 Be7 11. d3 h6 12. Bf4 Nd5 13. Bd2 O-O 14. Qf3 Nb4 15. Rac1 Nc6 16. Rfe1 Nd4 17. Qh3 f5 18. Ne2 Bf6 19. Nf4 e5 20. Nh5 Nc6 21. Bc3 Rae8 22. Rcd1 b6 23. Nxf6+ Rxf6 24. Re3 Nd4 25. Bxd4 exd4 26. Rxe8+ Qxe8 27. Qf3 Re6 28. Qd5 Kh8 29. g3 Re5 30. Qd6 Re6 31. Qd5 Re5 32. Qb7 Re2 33. Rc1 Rxf2 34. Kxf2 Qe3+ 35. Kg2 Qxc1 36. Qc8+ Kh7 37. Qxf5+ Kg8 38. Qe6+ Kh7 39. Qf5+ Kh8 40. Qf8+ Kh7 41. Qf5+ 1/2-1/2


[Site "https://www.chess.com"]

[Event "Titled Tuesday Blitz November 08 Late 2022"]
[White "Yuan, Qingyu"]
[Black "Becerra, Juan David"]
[WhiteFideId "8609772"]
[BlackFideId "4404998"]
[WhiteElo "2359"]
[BlackElo "2281"]
[Result "0-1"]
[Round "09"]
[TimeControl "180+1"]
[Date "2022.11.08"]
[WhiteClock "0:00:07"]
[BlackClock "0:00:07"]

1. e4 c5 2. Nf3 d6 3. d4 cxd4 4. Qxd4 Nc6 5. Qe3 g6 6. h3 Bg7 7. Be2 Nf6 8. O-O O-O 9. Rd1 Bd7 10. c4 a5 11. Nc3 a4 12. c5 a3 13. cxd6 exd6 14. Rxd6 Qb8 15. Rd2 Re8 16. Rb1 Bf5 17. Bd3 Nb4 18. Bb5 Nxe4 19. Bxe8 Nxd2 20. Bxd2 Bxb1 21. Nxb1 Qxe8 22. Bxb4 axb2 23. Qxe8+ Rxe8 24. Kf1 h6 25. Nfd2 f5 26. a3 Kf7 27. Nc4 Ke6 28. Ke2 Kd5+ 29. Ne3+ Kc6 30. Kd2 Kb5 31. Nd1 Ka4 32. Kc2 Re2+ 33. Nd2 g5 34. g3 g4 35. hxg4 fxg4 36. Bc3 b1=Q+ 37. Kxb1 Bf8 38. Kc2 Bxa3 39. Kd3 Re8 40. Ne3 b5 41. Nxg4 Rd8+ 42. Kc2 h5 43. Nf6 b4 44. Be5 Rc8+ 45. Kd3 b3 46. Nxh5 Rd8+ 47. Ke2 b2 48. f4 Rxd2+ 49. Kxd2 b1=Q 50. Nf6 Bc1+ 51. Ke2 Qc2+ 52. Kf3 Qd3+ 53. Kg4 Bd2 54. Nh5 Qe2+ 55. Kh4 Qh2+ 56. Kg5 Be1 57. g4 Bh4+ 58. Kf5 Qc2+ 59. Ke6 Qg6+ 60. Kd5 Qxg4 61. Ng7 Qd7+ 62. Ke4 Qc6+ 63. Kf5 Qd7+ 64. Kg6 Be7 65. f5 Bf8 66. Ne6 Qe8+ 67. Kg5 Be7+ 68. Kg4 Qf7 69. Bf4 Bf6 70. Bd6 Qg8+ 71. Kf4 Qh7 72. Ke4 Kb5 73. Bf4 Qb7+ 74. Ke3 Qg2 75. Nc7+ Kc4 76. Ne6 Qh3+ 77. Kf2 Qd3 78. Bg3 Qxf5+ 79. Nf4 Bd4+ 80. Kf3 Be5 81. Ke3 Bxf4+ 82. Bxf4 Kd5 83. Kf3 Qe4+ 84. Kg4 Ke6 85. Kg5 Qf5+ 86. Kh4 Qxf4+ 87. Kh5 Qg3 88. Kh6 Kf6 89. Kh5 Qh3# 0-1


[Site "https://www.chess.com"]

[Event "Titled Tuesday Blitz November 08 Late 2022"]
[White "Zakhartsov, Vladimir"]
[Black "Kuzmicz, Krystian"]
[WhiteFideId "4145097"]
[BlackFideId "1119125"]
[WhiteElo "2525"]
[BlackElo "2380"]
[Result "1-0"]
[Round "09"]
[TimeControl "180+1"]
[Date "2022.11.08"]
[WhiteClock "0:00:04"]
[BlackClock "0:00:02"]

1. d4 g6 2. e4 Bg7 3. Nf3 c6 4. c3 d5 5. e5 Bg4 6. Nbd2 e6 7. h3 Bxf3 8. Nxf3 Nd7 9. Bd3 Ne7 10. O-O c5 11. Re1 Nc6 12. Bf4 Qb6 13. Bf1 O-O 14. Qd2 Rfc8 15. a3 cxd4 16. cxd4 Na5 17. Rab1 Nc4 18. Qd3 Rc7 19. h4 Rac8 20. h5 Nxb2 21. Qe3 Rc3 22. Rec1 Rxc1 23. Rxc1 Nc4 24. Qd3 Qb2 25. Rb1 Qxa3 26. Qxa3 Nxa3 27. Rxb7 Nb6 28. Rxa7 Nbc4 29. h6 Bf8 30. Rb7 Nc2 31. Bd3 Nb4 32. Be2 Nc2 33. Bd1 Nb4 34. Nh2 Nd3 35. Ng4 Bg7 36. Bg5 Bh8 37. Bf6 Rf8 38. Ba4 Nf4 39. Bxh8 Kxh8 40. Kf1 Nd2+ 41. Ke1 Ne4 42. g3 Nd3+ 43. Kf1 Nc3 44. Bc2 Nc1 45. f4 N1e2 46. Rb4 1-0


[Site "https://www.chess.com"]

[Event "Titled Tuesday Blitz November 08 Late 2022"]
[White "Zhigalko, Sergei"]
[Black "Adewumi, Tanitoluwa"]
[WhiteFideId "13502956"]
[BlackFideId "30966396"]
[WhiteElo "2662"]
[BlackElo "2558"]
[Result "1-0"]
[Round "09"]
[TimeControl "180+1"]
[Date "2022.11.08"]
[WhiteClock "0:01:33"]
[BlackClock "0:00:19"]

1. e4 c5 2. Nf3 e6 3. c3 Nf6 4. e5 Nd5 5. Bc4 Nc6 6. d4 cxd4 7. cxd4 d6 8. O-O Be7 9. Bd2 O-O 10. Nc3 Nxc3 11. Bxc3 dxe5 12. dxe5 b6 13. Qe2 Bb7 14. a3 Qc7 15. Bd3 Rad8 16. Rfe1 Nb8 17. Rac1 Qd7 18. Bb1 Qa4 19. h3 Na6 20. Rcd1 Nc5 21. Nd4 Nb3 22. Qc2 g6 23. Nxb3 Qc6 24. f3 Bh4 25. Rxd8 Rxd8 26. Rd1 Rc8 27. Qe2 Qa4 28. Bc2 Bg3 29. Nd4 Qe8 30. Be4 Bd5 31. Bxd5 exd5 32. e6 fxe6 33. Qxe6+ Qxe6 34. Nxe6 1-0


[Site "https://www.chess.com"]

[Event "Titled Tuesday Blitz November 08 Late 2022"]
[White "Adewumi, Tanitoluwa"]
[Black "Hryzlova, Sofiia"]
[WhiteFideId "30966396"]
[BlackFideId "14174669"]
[WhiteElo "2556"]
[BlackElo "1992"]
[Result "1-0"]
[Round "10"]
[TimeControl "180+1"]
[Date "2022.11.09"]
[WhiteClock "0:00:03"]
[BlackClock "0:00:11"]

1. e4 c5 2. Nf3 d6 3. Bb5+ Nd7 4. c3 Nf6 5. Bd3 Ne5 6. Be2 Nxf3+ 7. Bxf3 g6 8. d4 cxd4 9. cxd4 Bg7 10. Nc3 O-O 11. Be3 a6 12. O-O Rb8 13. a4 b6 14. h3 Bb7 15. Qd3 e6 16. Rfd1 Rc8 17. Rac1 Nd7 18. Qf1 Rc7 19. Be2 Qa8 20. Bd3 Rfc8 21. Qe2 Nf6 22. f3 Nd7 23. Ra1 Nb8 24. Ra3 Nc6 25. Qf2 Nb4 26. Bf1 d5 27. Rb3 a5 28. Bf4 dxe4 29. Bxc7 Rxc7 30. fxe4 Bxe4 31. Qf4 Bc2 32. Rxb4 axb4 33. Qxc7 bxc3 34. Re1 Bxd4+ 35. Kh1 Bf2 36. Re2 Qxa4 37. Qc8+ Kg7 38. Qxc3+ Bd4 39. Qxc2 Qa1 40. Rf2 Bxf2 41. Qxf2 Qa5 42. Kh2 Qe5+ 43. g3 b5 44. Qf3 Qxb2+ 45. Bg2 b4 46. h4 Qd4 47. h5 Qe5 48. h6+ Kxh6 49. Qxf7 b3 50. Qb7 b2 51. Bf3 Qc3 52. Qb8 Qxf3 53. Qxb2 Qf5 54. Qd2+ Kg7 55. Qd7+ Qf7 56. Qd4+ Kg8 57. Qd8+ Qf8 58. Qd7 Qf7 59. Qd8+ Kg7 60. Qd4+ Qf6 61. Qd7+ Kh6 62. Qd2+ g5 63. Qe3 Kg6 64. Qe4+ Qf5 65. Qc6 h5 66. Qe8+ Qf7 67. Qh8 Qf2+ 68. Kh1 Qf3+ 69. Kh2 Qe2+ 70. Kh1 Qd1+ 71. Kh2 Qd2+ 72. Kh1 Qd5+ 73. Kh2 g4 74. Qg8+ Kf5 75. Qh7+ Kf6 76. Qh6+ Ke7 77. Qg7+ Kd6 78. Qf8+ Ke5 79. Qf4# 1-0


[Site "https://www.chess.com"]

[Event "Titled Tuesday Blitz November 08 Late 2022"]
[White "Aghasiyev, Kamal"]
[Black "Maksimovic, Bojan"]
[WhiteFideId "13402854"]
[BlackFideId "14408120"]
[WhiteElo "2341"]
[BlackElo "2447"]
[Result "0-1"]
[Round "10"]
[TimeControl "180+1"]
[Date "2022.11.08"]
[WhiteClock "0:00:08"]
[BlackClock "0:00:41"]

1. Nf3 c5 2. c4 g6 3. e3 Bg7 4. d4 cxd4 5. exd4 Nf6 6. d5 O-O 7. Nc3 e6 8. Be2 exd5 9. cxd5 Re8 10. O-O d6 11. Bf4 a6 12. Re1 Nh5 13. Be3 Nd7 14. Rc1 Rxe3 15. fxe3 Qe7 16. Bf1 Ne5 17. Nxe5 Bxe5 18. Qf3 Nf6 19. Na4 Bg4 20. Qf2 Ne4 21. Qc2 Rc8 22. Nc3 Nxc3 23. bxc3 Rxc3 24. Qd2 Qf6 25. Be2 Bxe2 26. Rxe2 b5 27. Rxc3 Bxc3 28. Qd3 Be5 29. Rc2 Qh4 30. g3 Qa4 31. Rf2 Kg7 32. Qc2 Qb4 33. Qc7 Qb1+ 34. Rf1 Qe4 35. Qxf7+ Kh6 36. Qf8+ Kg5 37. Qe7+ Kh6 38. Qf8+ Kg5 39. Rf3 Qxd5 40. Qe7+ Kg4 41. Rf1 Bxg3 42. hxg3 Kxg3 43. e4 Qc5+ 0-1


[Site "https://www.chess.com"]

[Event "Titled Tuesday Blitz November 08 Late 2022"]
[White "Alexikov, Alexander"]
[Black "Ferreira, Vitor Hugo Vieira"]
[WhiteFideId "14103958"]
[BlackFideId "2119765"]
[WhiteElo "2222"]
[BlackElo "2168"]
[Result "1-0"]
[Round "10"]
[TimeControl "180+1"]
[Date "2022.11.09"]
[WhiteClock "0:00:03"]
[BlackClock "0:00:10"]

1. e4 c5 2. Nf3 d6 3. Bb5+ Nd7 4. d4 cxd4 5. Qxd4 a6 6. Bxd7+ Bxd7 7. c4 Rc8 8. Nc3 Qc7 9. Nd2 Nf6 10. O-O e5 11. Qd3 Be7 12. Rd1 O-O 13. b3 b5 14. Bb2 b4 15. Ne2 Be6 16. Nf1 Nd7 17. Ne3 Nc5 18. Qc2 g6 19. Ng3 Bg5 20. Nd5 Qb7 21. a3 a5 22. axb4 axb4 23. Ra5 f5 24. exf5 gxf5 25. Rb5 Qf7 26. f3 Qg6 27. Re1 e4 28. fxe4 fxe4 29. Nxe4 Bf5 30. Nxg5 Qxg5 31. Qe2 Rce8 32. Qxe8 Rxe8 33. Rxe8+ Kf7 34. Re7+ Qxe7 35. Nxe7 Kxe7 36. Rxb4 Nd3 37. Rb7+ 1-0


[Site "https://www.chess.com"]

[Event "Titled Tuesday Blitz November 08 Late 2022"]
[White "Ambartsumova, Karina"]
[Black "Haszon, David"]
[WhiteFideId "4166299"]
[BlackFideId "733610"]
[WhiteElo "2319"]
[BlackElo "2211"]
[Result "0-1"]
[Round "10"]
[TimeControl "180+1"]
[Date "2022.11.09"]
[WhiteClock "0:00:12"]
[BlackClock "0:00:20"]

1. e4 c6 2. Ne2 d5 3. e5 g6 4. Ng3 Bg7 5. d4 h5 6. h4 c5 7. c3 Nc6 8. Na3 a6 9. Nc2 Qb6 10. Be2 Nh6 11. O-O Nf5 12. Nxf5 Bxf5 13. dxc5 Qxc5 14. Be3 Qa5 15. f4 e6 16. Nd4 Nxd4 17. Bxd4 Bf8 18. Kh2 Qd8 19. g3 Qc7 20. Rc1 b5 21. Qd2 Bc5 22. Qe3 Rc8 23. b4 Be7 24. Kg2 O-O 25. Bf3 a5 26. a3 Ra8 27. Rf2 Rfb8 28. Rh1 Kf8 29. Qe2 Ke8 30. Qb2 Qc6 31. Rc1 Rc8 32. Be2 Rcb8 33. Qd2 Be4+ 34. Kg1 axb4 35. cxb4 Qb7 36. Rc3 Rc8 37. Rf1 Rxc3 38. Qxc3 Rc8 39. Qb2 Qc6 40. Rd1 Qc2 41. Bxb5+ Kf8 42. Qxc2 Rxc2 43. Bf2 Ra2 44. a4 Bxb4 45. Rb1 Ba5 46. Rc1 Rd2 47. Bc6 Bc2 48. Bb5 Rd1+ 49. Rxd1 Bxd1 50. Kf1 Ke7 51. Bc5+ Kd8 52. Kf2 Bc2 53. Ke3 Bb3 54. Kf2 Bc2 55. Ba3 Bb3 56. Bb2 Bb6+ 57. Ke2 Ba2 58. Bc3 Bc4+ 59. Bxc4 dxc4 60. a5 Bc5 61. Kf3 Kc7 62. Ke4 Kc6 63. Bd4 Bb4 64. a6 c3 65. Kd3 c2 66. Kxc2 Be1 67. Kd3 Bxg3 68. Ke4 Bxh4 69. Kf3 Be7 70. Kg2 Bd8 71. Kf3 Be7 72. Kg2 Kc7 73. Kf3 Kb8 74. Kg2 Ka8 75. Kf3 Bd8 76. Kg2 Bc7 77. Kf3 Bb8 78. Kg2 Ba7 79. Bc3 Bb6 80. Bb4 Bd8 81. Bc5 Bc7 82. Kf3 Bb8 83. Kg3 Ba7 84. Bd6 Be3 85. Bb4 Ka7 86. Kf3 Bg1 87. Be1 Kxa6 88. Kg2 Bc5 89. Bh4 Kb7 90. Kf3 Kc6 91. Ke4 Kd7 92. Be1 Be7 93. Bg3 Ke8 94. Be1 Kf8 95. Bg3 Kg7 96. Bf2 f6 97. exf6+ Bxf6 98. Kf3 Kf7 99. Be3 Ke7 100. Bf2 Kd6 101. Ke4 Bc3 102. Bg3 Ke7 103. Bh4+ Bf6 104. Bg3 Kf7 105. Bf2 h4 106. Kf3 Ke7 107. Kg4 Kd6 108. Be1 Kd5 109. Bf2 Ke4 110. Bc5 h3 111. Kxh3 Kxf4 112. Bd6+ e5 113. Kg2 Kf5 114. Kf3 g5 115. Bc5 g4+ 116. Kg2 Bh4 117. Be3 Ke4 118. Bc5 Kd3 119. Bd6 e4 120. Bf4 e3 121. Bd6 e2 122. Bb4 Kc2 123. Kh2 Kd1 124. Kg2 Be1 125. Bc5 Bd2 126. Bf2 Bf4 127. Bh4 e1=Q 128. Bxe1 Kxe1 129. Kg1 Ke2 130. Kh1 Ke3 131. Kg2 Ke4 132. Kg1 Kf5 133. Kg2 Kg5 134. Kg1 Be5 135. Kg2 Bg7 136. Kg1 Kh4 137. Kg2 g3 138. Kg1 Kh3 139. Kh1 g2+ 140. Kg1 Bd4# 0-1


[Site "https://www.chess.com"]

[Event "Titled Tuesday Blitz November 08 Late 2022"]
[White "Annaberdiyev, Babageldi"]
[Black "Brown, Andrew"]
[WhiteFideId "14000385"]
[BlackFideId "3206513"]
[WhiteElo "2332"]
[BlackElo "2245"]
[Result "0-1"]
[Round "10"]
[TimeControl "180+1"]
[Date "2022.11.09"]
[WhiteClock "0:00:43"]
[BlackClock "0:00:06"]

1. e4 g6 2. d4 Bg7 3. Nc3 c6 4. h3 d5 5. a4 dxe4 6. d5 Bxc3+ 7. bxc3 Qxd5 8. Be3 Qxd1+ 9. Rxd1 f5 10. g3 Nf6 11. c4 Be6 12. Rb1 b6 13. Ne2 Bxc4 14. a5 bxa5 15. Rb7 Nbd7 16. Nd4 Bxf1 17. Kxf1 c5 18. Ne6 Kf7 19. Ng5+ Kg8 20. Kg2 h6 21. Ne6 Kf7 22. Nxc5 Nxc5 23. Bxc5 Rhe8 24. Ra1 a6 25. Rxa5 Rac8 26. Bd4 Rc6 27. c4 Rd8 28. Bc5 Rd7 29. Rb6 Rxb6 30. Bxb6 Rd2 31. Rxa6 Rc2 32. Ra4 g5 33. Be3 e5 34. Ra7+ Kg6 35. Bb6 Rxc4 36. Bd8 Rc6 37. Ra5 Nd7 38. Rd5 Nc5 39. Rxe5 Nd3 40. Rd5 Rc2 41. Bb6 f4 42. gxf4 Nxf4+ 43. Kg3 Nxd5 44. Bd4 Rd2 45. Bc5 Rc2 46. Bd4 Rc4 47. Be5 Nc3 48. Bd6 Kf5 49. Be7 Ne2+ 50. Kg2 Nf4+ 0-1


[Site "https://www.chess.com"]

[Event "Titled Tuesday Blitz November 08 Late 2022"]
[White "Ardila, Oscar Humberto"]
[Black "Dzierzak, Radoslaw"]
[WhiteFideId "4404742"]
[BlackFideId "1161407"]
[WhiteElo "1959"]
[BlackElo "2111"]
[Result "0-1"]
[Round "10"]
[TimeControl "180+1"]
[Date "2022.11.09"]
[WhiteClock "0:00:06"]
[BlackClock "0:00:24"]

1. d4 Nf6 2. c4 e6 3. Nc3 Bb4 4. Bd2 O-O 5. Nf3 d5 6. e3 b6 7. Be2 dxc4 8. Bxc4 Bb7 9. O-O a6 10. Rc1 b5 11. Bd3 Nbd7 12. Qe2 c5 13. a3 Bxc3 14. Bxc3 c4 15. Bb1 Be4 16. Ba2 Bd3 17. Qd2 Bxf1 18. Rxf1 Ne4 19. Qc1 Nxc3 20. Qxc3 Nf6 21. Ne5 Qd5 22. Bb1 Ne4 23. Qc2 f5 24. f3 Ng5 25. h4 Nf7 26. f4 Nxe5 27. fxe5 a5 28. Qd2 Rfb8 29. Rf4 b4 30. e4 c3 31. Qe3 Qc4 32. Rf2 Rd8 33. bxc3 bxc3 34. Kh2 Qxd4 35. Qg5 Qxe5+ 36. g3 Rd2 37. Rxd2 cxd2 38. Qxd2 fxe4 39. Qe3 Rc8 40. Qxe4 Qxe4 41. Bxe4 Rc3 42. a4 Rc4 43. Bc6 Rxc6 0-1


[Site "https://www.chess.com"]

[Event "Titled Tuesday Blitz November 08 Late 2022"]
[White "Ashiku, Franc"]
[Black "Wirig, Anthony"]
[WhiteFideId "4700066"]
[BlackFideId "615013"]
[WhiteElo "2306"]
[BlackElo "2487"]
[Result "1-0"]
[Round "10"]
[TimeControl "180+1"]
[Date "2022.11.08"]
[WhiteClock "0:00:07"]
[BlackClock "0:00:01"]

1. d4 Nf6 2. c4 Nc6 3. Nf3 d6 4. g3 e5 5. Bg2 Bg4 6. O-O Be7 7. h3 Bxf3 8. Bxf3 Nxd4 9. Bxb7 Rb8 10. Bg2 O-O 11. Nc3 h5 12. Nd5 h4 13. g4 Ne6 14. e3 Nxd5 15. cxd5 Nc5 16. f4 exf4 17. exf4 Bf6 18. Rf2 g6 19. g5 Bg7 20. f5 gxf5 21. Rxf5 Qe7 22. Qg4 a5 23. Qxh4 Rb4 24. Qg3 Re8 25. g6 Qe1+ 26. Qxe1 Rxe1+ 27. Kf2 fxg6 28. Kxe1 gxf5 29. Rb1 Nd3+ 30. Kd2 Nxb2 31. Bxb2 Bxb2 32. Kc2 Ba3 33. Rxb4 Bxb4 34. Kd3 Kg7 35. Bf3 Kf6 36. a4 Kg5 37. Ke2 Kf4 38. Bh5 Bc3 39. Kd3 Bf6 40. Ke2 Ke4 41. Bf3+ 1-0


[Site "https://www.chess.com"]

[Event "Titled Tuesday Blitz November 08 Late 2022"]
[White "Becerra, Juan David"]
[Black "Faizrakhmanov, Ramil"]
[WhiteFideId "4404998"]
[BlackFideId "24103209"]
[WhiteElo "2281"]
[BlackElo "2437"]
[Result "0-1"]
[Round "10"]
[TimeControl "180+1"]
[Date "2022.11.08"]
[WhiteClock "0:00:21"]
[BlackClock "0:00:50"]

1. e4 c6 2. d4 d5 3. exd5 cxd5 4. c3 Nc6 5. Bd3 Qc7 6. h3 Nf6 7. Nf3 g6 8. O-O Bf5 9. Re1 Bxd3 10. Qxd3 Bg7 11. Bg5 O-O 12. Nbd2 a6 13. Ne5 e6 14. Nxc6 Qxc6 15. Qf3 Nd7 16. Qg3 b5 17. Qh4 Nb6 18. Nf3 Nc4 19. Re2 a5 20. Bf6 h6 21. Bxg7 Kxg7 22. Ne5 Nxe5 23. dxe5 Qc7 24. Qf6+ Kh7 25. h4 Qd8 26. Qf4 Rc8 27. Rd1 Rc4 28. Rd4 Qe7 29. Re3 Rfc8 30. Rf3 Kg7 31. g3 b4 32. cxb4 axb4 33. b3 Rxd4 34. Qxd4 Rc2 35. Rf4 Rxa2 36. Qxb4 Qc7 37. Qd6 Qxd6 38. exd6 Ra6 39. b4 Rxd6 40. b5 Rb6 41. Rb4 Kf6 42. Kg2 Ke5 43. f4+ Kd6 44. h5 Kc5 45. Rb1 Rxb5 46. Rc1+ Kd6 47. hxg6 fxg6 48. g4 g5 49. Rh1 Rb4 50. Rxh6 Rxf4 51. Kg3 Re4 52. Rg6 Re5 0-1


[Site "https://www.chess.com"]

[Event "Titled Tuesday Blitz November 08 Late 2022"]
[White "Bernat, David"]
[Black "Diaz Rosas, Julio Cesar"]
[WhiteFideId "2099225"]
[BlackFideId "5105099"]
[WhiteElo "2342"]
[BlackElo "2246"]
[Result "0-1"]
[Round "10"]
[TimeControl "180+1"]
[Date "2022.11.09"]
[WhiteClock "0:00:56"]
[BlackClock "0:01:59"]

1. c4 e6 2. e4 d5 3. cxd5 exd5 4. exd5 Nf6 5. Bb5+ c6 6. dxc6 Nxc6 7. Nf3 Bd6 8. O-O O-O 9. d4 h6 10. h3 Bf5 11. Nc3 Bc7 12. d5 Nb4 13. Nd4 Qd6 14. g3 Bxh3 15. Re1 Nbxd5 16. Nxd5 Nxd5 17. Qh5 Bb6 18. Qxh3 Bxd4 19. Rd1 Qc5 20. Qf5 Rad8 21. Bd3 Nf6 22. Qxc5 Bxc5 23. b3 Ng4 24. Bb2 Nxf2 0-1


[Site "https://www.chess.com"]

[Event "Titled Tuesday Blitz November 08 Late 2022"]
[White "Bibilashvili, Lali"]
[Black "Marcolino, Daniel Mattos"]
[WhiteFideId "13604236"]
[BlackFideId "2106841"]
[WhiteElo "1819"]
[BlackElo "2094"]
[Result "0-1"]
[Round "10"]
[TimeControl "180+1"]
[Date "2022.11.09"]
[WhiteClock "0:00:01"]
[BlackClock "0:00:13"]

1. c4 e6 2. d4 Nf6 3. Nf3 d5 4. Nc3 dxc4 5. e3 a6 6. Bxc4 b5 7. Bb3 Bb7 8. O-O Be7 9. a4 b4 10. Ne2 O-O 11. Nf4 Qd6 12. Bd2 a5 13. Qc1 c5 14. dxc5 Qxc5 15. Qxc5 Bxc5 16. Rac1 Nbd7 17. Nd4 Bxd4 18. exd4 Rac8 19. Be3 Nb6 20. f3 Nbd5 21. Nxd5 Bxd5 22. Bxd5 Nxd5 23. Bf2 Rfd8 24. Rc5 Rxc5 25. dxc5 Rc8 26. Rc1 Kf8 27. Kf1 Ke7 28. g3 Kd7 29. Ke2 Kc6 30. Kd3 Rd8 31. Kc4 Nc7 32. Rc2 Rd5 33. Be3 Na6 34. Rd2 Rxd2 35. Bxd2 Nxc5 36. b3 Nd7 37. f4 Nb6+ 38. Kd4 f6 39. Be3 Nd5 40. Bf2 Kd6 41. Kc4 Kc6 42. Ba7 h5 43. Bd4 Nb6+ 44. Kd3 Nd7 45. Ke4 f5+ 46. Ke3 g6 47. h3 Kd5 48. Bg7 e5 49. fxe5 Nxe5 50. Kf4 Nd3+ 51. Kg5 Nc1 52. Kxg6 Nxb3 53. Kxh5 Nd4 54. Kg5 b3 55. Bxd4 Kxd4 56. h4 b2 57. h5 b1=Q 58. h6 Qc1+ 59. Kg6 Qc3 60. h7 Qxg3+ 61. Kf7 Qh4 0-1


[Site "https://www.chess.com"]

[Event "Titled Tuesday Blitz November 08 Late 2022"]
[White "Bogaudinov, Rushan"]
[Black "Thiel, Thomas"]
[WhiteFideId "4129288"]
[BlackFideId "4615964"]
[WhiteElo "1997"]
[BlackElo "2229"]
[Result "1/2-1/2"]
[Round "10"]
[TimeControl "180+1"]
[Date "2022.11.09"]
[WhiteClock "0:00:06"]
[BlackClock "0:00:25"]

1. a3 d5 2. e3 e5 3. Nf3 Bd6 4. d4 e4 5. Nfd2 Ne7 6. c4 c6 7. b4 O-O 8. Nc3 f5 9. g3 Be6 10. c5 Bc7 11. a4 Nd7 12. b5 Nf6 13. Be2 Ba5 14. Bb2 Ng4 15. h3 Nf6 16. Nb3 Bb4 17. O-O f4 18. exf4 Bxh3 19. Re1 Qd7 20. Na2 Bxe1 21. Qxe1 Bg4 22. Bf1 Bf3 23. Nd2 Nf5 24. Nc3 Nxd4 25. bxc6 bxc6 26. Nxd5 Nc2 27. Nxf6+ gxf6 28. Qc1 Nxa1 29. Bxa1 Kg7 30. Qc3 Rab8 31. Nxf3 exf3 32. Qxf3 Rb1 33. Bc3 Qd1 34. Qxd1 Rxd1 35. Kg2 Rxf1 36. Kxf1 Rb8 37. a5 Rb3 38. Bd4 Ra3 39. g4 Kf7 40. Kg2 Rxa5 41. Kf3 Ra4 42. Ke4 Ra2 43. g5 fxg5 44. fxg5 a5 45. f4 a4 46. Kd3 a3 47. Kc3 Ke6 48. Kb3 Rd2 49. Be5 Rd5 50. Bd6 Rxd6 51. cxd6 Kxd6 52. f5 Ke5 53. g6 hxg6 54. fxg6 Kf6 55. Kxa3 Kxg6 56. Kb4 Kf6 57. Kc5 Ke7 58. Kxc6 1/2-1/2


[Site "https://www.chess.com"]

[Event "Titled Tuesday Blitz November 08 Late 2022"]
[White "Boruchovsky, Avital"]
[Black "Xiong, Jeffery"]
[WhiteFideId "2800055"]
[BlackFideId "2047640"]
[WhiteElo "2458"]
[BlackElo "2725"]
[Result "0-1"]
[Round "10"]
[TimeControl "180+1"]
[Date "2022.11.08"]
[WhiteClock "0:00:01"]
[BlackClock "0:00:02"]

1. e4 c5 2. Nf3 d6 3. Bb5+ Nc6 4. O-O Bd7 5. Re1 Nf6 6. c3 a6 7. Bf1 Bg4 8. d4 Bxf3 9. gxf3 cxd4 10. cxd4 d5 11. Nc3 e6 12. Bg5 Be7 13. Bxf6 Bxf6 14. exd5 Nxd4 15. Re4 Nf5 16. dxe6 O-O 17. exf7+ Kh8 18. Qd5 Nd6 19. Rb4 Bxc3 20. bxc3 Rxf7 21. Rd1 Rf6 22. c4 Rg6+ 23. Kh1 Qh4 24. Rb2 Re8 25. c5 Ne4 26. Qd4 h6 27. Re2 Qg5 28. Bh3 Ng3+ 29. hxg3 Rxe2 30. Qd8+ Kh7 31. Qd4 Qh5 32. Kg2 Rxa2 33. Qe4 Qxc5 34. Rf1 Ra5 35. Bg4 Qd5 36. Qc2 Qa2 37. Qe4 Qd5 38. Qc2 h5 39. Rh1 Kg8 40. Rxh5 Qxf3+ 41. Bxf3 Rf6 0-1


[Site "https://www.chess.com"]

[Event "Titled Tuesday Blitz November 08 Late 2022"]
[White "Brodowski, Piotr"]
[Black "Ibarra Jerez, Jose Carlos"]
[WhiteFideId "1124480"]
[BlackFideId "2226332"]
[WhiteElo "2351"]
[BlackElo "2638"]
[Result "0-1"]
[Round "10"]
[TimeControl "180+1"]
[Date "2022.11.08"]
[WhiteClock "0:00:20"]
[BlackClock "0:01:48"]

1. c4 e5 2. Nc3 Nf6 3. Nf3 e4 4. Ng5 c6 5. Ngxe4 Nxe4 6. Nxe4 d5 7. cxd5 cxd5 8. Ng3 h5 9. h4 Bg4 10. Qb3 Nc6 11. e3 Qd7 12. d4 Bd6 13. Ne2 Rc8 14. Bd2 O-O 15. g3 Rfe8 16. Rc1 Qf5 17. Rg1 Re7 18. Nf4 Nxd4 19. Rxc8+ Qxc8 0-1


[Site "https://www.chess.com"]